 Dungeon Crawl Stone Soup version 0.23.0-3-gf3c87f2df8 (webtiles) character file.

Game seed: 2176240968398300320

7541 Ivernyr the Transmogrifier (level 11, -1/48 HPs)
             Began as a Vine Stalker Transmuter on Feb 22, 2019.
             Slain by a white ugly thing (21 damage)
             ... on level 10 of the Dungeon.
             The game lasted 00:57:56 (9776 turns).

Ivernyr the Transmogrifier (VSTm)                   Turns: 9776, Time: 00:57:56

Health: -1/48      AC:  5    Str: 13      XL:     11   Next: 16%
Magic:  0/32       EV: 16    Int: 16      God:
Gold:   662        SH:  0    Dex: 14 (15) Spells: 14/25 levels left

rFire    + . .     SeeInvis .     - Unarmed
rCold    . . .     Gourm    .   (shield currently unavailable)
rNeg     . . .     Faith    .   b - +0 robe
rPois    .         Spirit   +   (no helmet)
rElec    .         Reflect  .   t - +2 cloak {+Inv}
rCorr    .         Harm     .   (gloves currently unavailable)
MR       +....                  (no boots)
Stlth    +.........             (no amulet)
HPRegen  0.56/turn              h - ring of protection from fire
MPRegen  0.23/turn              L - ring of magical power

@: blade hands
A: fangs 3, regeneration 1, magic shield, antimagic bite, no potion heal 3, rot
immunity
a: End Transformation, Evoke Invisibility


You were on level 10 of the Dungeon.
You were not hungry.
You had blades for hands.
You visited 1 branch of the dungeon, and saw 10 of its levels.

You collected 662 gold pieces.

Inventory:

Missiles
 a - 69 arrows
Armour
 b - a +0 robe (worn)
 q - a scarf of resistance
 t - a +2 cloak of invisibility (worn)
 A - a scarf of repulsion
Jewellery
 h - a ring of protection from fire (left scythe-like blade)
 G - an uncursed ring of protection from fire
 L - a ring of magical power (right scythe-like blade)
Wands
 n - a wand of iceblast (15)
 y - a wand of flame (12)
 F - a wand of clouds (3)
 J - a wand of scattershot (5)
Scrolls
 c - 4 scrolls of enchant weapon {unknown}
 l - 6 scrolls of identify {unknown}
 p - 6 scrolls of teleportation {unknown}
 s - 2 scrolls of fear {unknown}
 w - 8 scrolls of remove curse {unknown}
 D - a scroll of blinking {unknown}
 E - a scroll of vulnerability {unknown}
 H - 4 scrolls of immolation {unknown}
 I - 2 scrolls of amnesia {unknown}
 K - a scroll of fog {unknown}
 N - 2 scrolls of brand weapon {unknown}
Potions
 e - 3 potions of agility {unknown}
 f - 3 potions of cancellation {unknown}
 g - a potion of lignification {unknown}
 i - 3 potions of might {unknown}
 j - 5 potions of haste {unknown}
 k - 2 potions of degeneration {unknown}
 m - a potion of ambrosia {unknown}
 o - a potion of resistance {unknown}
 r - 3 potions of mutation {unknown}
 u - a potion of magic {unknown}
 v - 2 potions of curing
 x - 2 potions of invisibility {unknown}
 z - 2 potions of heal wounds {unknown}
 B - 5 potions of flight {unknown}
 C - 3 potions of brilliance {unknown}
Comestibles
 d - 22 rations
 M - 2 chunks of flesh


   Skills:
 - Level 0.8 Fighting
 + Level 6.5 Dodging
 + Level 8.2 Unarmed Combat
 + Level 7.8 Spellcasting
 * Level 10.9 Transmutations


You had 14 spell levels left.
You knew the following spells:

 Your Spells              Type           Power        Failure   Level  Hunger
a - Beastly Appendage     Tmut           #####.       8%          1    None
b - Sticks to Snakes      Tmut           #####...     9%          2    None
c - Spider Form           Tmut/Pois      ###.......   28%         3    ##.....
d - Blade Hands           Tmut           #####.....   28%         5    #####..

Your spell library contained the following spells:

 Spells                   Type           Power        Failure   Level  Hunger
 Animate Skeleton         Necr           N/A          50%         1    None
 Magic Dart               Conj           #...         50%         1    None
 Pain                     Necr           #...         50%         1    None
 Ice Form                 Ice/Tmut       ###.....     50%         4    ####...
 Searing Ray              Conj           #.....       58%         2    None
 Dazzling Spray           Conj/Hex       #.....       77%         3    ##.....
 Regeneration             Chrm/Necr      #.........   77%         3    ##.....
 Vampiric Draining        Necr           #.........   77%         3    ##.....
 Animate Dead             Necr           N/A          97%         4    ####...
 Force Lance              Conj/Tloc      #.......     97%         4    ####...
 Fulminant Prism          Conj/Hex       #.........   97%         4    ####...
 Iskenderun's Mystic Bla  Conj           #.......     97%         4    ####...
 Malign Gateway           Summ/Tloc      #.........   100%        7    #######
 Monstrous Menagerie      Summ           #.........   100%        7    #######
 Summon Greater Demon     Summ           #.........   100%        7    #######
 Summon Horrible Things   Summ           #.........   100%        8    #######


Dungeon Overview and Level Annotations

Branches:
Dungeon (10/15)            Temple (0/1) D:7             Orc (0/2) D:9
   Lair: D:8-11

Altars:
Dithmenos
Fedhas
Kikubaaqudgha
Makhleb
Qazlal
Ru
Sif Muna
Trog
Vehumet
Wu Jian
Xom
Zin
The Shining One

Shops:
D:6 *

Annotations:
D:5 2 transporters
D:7 exclusion: statue
D:9 4 runed translucent doors


Innate Abilities, Weirdness & Mutations

You have razor-sharp teeth.
Your natural rate of healing is unusually fast.
When hurt, damage is shared between your health and your magic reserves.
Your bite disrupts and absorbs the magic of your enemies.
Potions cannot restore your health.
You are immune to rotting.


Message History

A white ugly thing comes into view.
The white ugly thing gurgles horribly!
Found a scroll labeled ZUNUTULAUN.
A white ugly thing is nearby!
Casting: Blade Hands (safe; 3% risk of failure)
Confirm with . or Enter, or press ? or * to list all spells.
You create 2 snakes!
You now have 69 arrows.
Casting: Sticks to Snakes (safe; 1% risk of failure)
Confirm with . or Enter, or press ? or * to list all spells.
Your hands turn into razor-sharp scythe blades.
The white ugly thing barely misses you.
You slice the white ugly thing!!
The white ugly thing is moderately wounded.
The white ugly thing gores you! The white ugly thing freezes you!!
Your ball python bites the white ugly thing.
Your ball python closely misses the white ugly thing.
You slice the white ugly thing!! Your slash misses the white ugly thing.
The white ugly thing is severely wounded.
The white ugly thing gores you. The white ugly thing freezes you!!
You die...

######### #...?...#
#......[# ### #.......#
######.. #.......#
#....... #....Su.###
#....... #.....@S..#
#.....## #.........##
###.>...#.
#....................#.
#...########.........#.
##..#......# ........##
#..#......# ..........
#..+......#...........
#..###'####...........
#.....................


You could see a white ugly thing and 2 friendly ball pythons.

Vanquished Creatures
  Harold (D:7)
  Erica (D:8)
  Pikel (D:7)
  Prince Ribbit (D:7)
  A hippogriff (D:9)
  Sigmund (D:6)
  14 yaks
  A hungry ghost (D:8)
  2 ice beasts
  2 orc warriors
  A phantom (D:7)
  2 sky beasts
  2 slaves (D:7)
  A necrophage (D:9)
  5 ogres
  A big kobold (D:9)
  A bullfrog (D:6)
  3 scorpions
  A howler monkey (D:9)
  9 crimson imps
  2 bullfrog zombies
  6 hounds
  A quasit (D:10)
  2 orc priests
  2 orc wizards (D:5)
  Ijyb (D:3)
  Jessica (D:3)
  3 iguanas
  11 worker ants
  2 hound skeletons
  A howler monkey zombie (D:6)
  A worker ant zombie (D:7)
  3 gnolls (D:7)
  6 adders
  2 shadow imps
  2 oozes
  2 worms
  4 dart slugs
  4 leopard geckos
  18 orcs
  6 giant cockroaches
  11 goblins
  5 hobgoblins
  29 jackals
  12 kobolds
  3 quokkas
  2 ball pythons
  11 bats
  4 frilled lizards
  A jackal skeleton (D:8)
  A jackal zombie (D:7)
  8 rats
218 creatures vanquished.

Vanquished Creatures (collateral kills)
  A two-headed ogre (D:8)
1 creature vanquished.

Vanquished Creatures (others)
  A slave (D:7)
  An adder (D:7)
2 creatures vanquished.

Grand Total: 221 creatures vanquished

Notes
Turn   | Place    | Note
-------+----------+-------------------------------------------
     0 | D:1      | Ivernyr the Vine Stalker Transmuter began the quest for the
                  | Orb.
     0 | D:1      | Reached XP level 1. HP: 9/9 MP: 4/4
   464 | D:1      | Reached XP level 2. HP: 10/14 MP: 4/6
   468 | D:1      | Learned a level 2 spell: Sticks to Snakes
  1207 | D:1      | Reached XP level 3. HP: 17/17 MP: 7/7
  1588 | D:1      | Learned a level 3 spell: Spider Form
  1963 | D:2      | Reached skill level 3 in Transmutations
  2201 | D:2      | Gained mutation: Your natural rate of healing is unusually
                  | fast. [Vine Stalker growth]
  2201 | D:2      | Reached XP level 4. HP: 19/21 MP: 5/9
  2520 | D:2      | Found a sacrificial altar of Ru.
  3046 | D:3      | Noticed Ijyb
  3064 | D:3      | Killed Ijyb
  3064 | D:3      | Reached XP level 5. HP: 20/25 MP: 8/10
  3341 | D:3      | Found a hide-covered altar of Uskayaw.
  3344 | D:3      | Noticed Jessica
  3353 | D:3      | Killed Jessica
  3354 | D:3      | Found an ancient bone altar of Kikubaaqudgha.
  3354 | D:3      | Found a shimmering altar of Xom.
  3356 | D:3      | Found a shimmering altar of Xom.
  3356 | D:3      | Found a stormy altar of Qazlal.
  3356 | D:3      | Found a snail-covered altar of Cheibriados.
  3449 | D:3      | Found a burning altar of Makhleb.
  3701 | D:4      | Found a bloodstained altar of Trog.
  3716 | D:3      | Reached skill level 4 in Transmutations
  3719 | D:3      | Reached XP level 6. HP: 14/29 MP: 2/11
  3977 | D:4      | Found a glowing golden altar of the Shining One.
  4214 | D:4      | Found a deep blue altar of Sif Muna.
  4493 | D:5      | Entered Level 5 of the Dungeon
  4602 | D:5      | Reached XP level 7. HP: 23/32 MP: 9/13
  4691 | D:5      | Reached skill level 5 in Transmutations
  4971 | D:5      | Learned a level 5 spell: Blade Hands
  5140 | D:5      | Found an ornate altar of the Wu Jian Council.
  5140 | D:5      | Found a transporter.
  5140 | D:5      | Noticed a shadow
  5235 | D:5      | Found a transporter.
  5520 | D:6      | Found Myroad Hoist's General Store.
  5636 | D:6      | Gained mutation: You have razor-sharp teeth. [Vine Stalker
                  | growth]
  5636 | D:6      | Reached XP level 8. HP: 28/37 MP: 10/15
  5639 | D:6      | Noticed Sigmund
  5671 | D:6      | Found a shadowy altar of Dithmenos.
  5686 | D:6      | Killed Sigmund
  5686 | D:6      | Reached skill level 5 in Unarmed Combat
  5686 | D:6      | Reached skill level 6 in Transmutations
  6159 | D:7      | Found a staircase to the Ecumenical Temple.
  6211 | D:7      | Noticed Pikel
  6250 | D:7      | Killed Pikel
  6250 | D:7      | Reached skill level 5 in Spellcasting
  6250 | D:7      | Reached skill level 7 in Transmutations
  6378 | D:7      | Noticed Harold
  6528 | D:7      | Found a radiant altar of Vehumet.
  6632 | D:7      | Reached XP level 9. HP: 30/40 MP: 12/18
  6689 | D:7      | Found a blossoming altar of Fedhas.
  6938 | D:7      | Killed Harold
  6938 | D:7      | Reached skill level 8 in Transmutations
  7155 | D:7      | Noticed Prince Ribbit
  7166 | D:7      | Killed Prince Ribbit
  7166 | D:7      | Reached skill level 5 in Dodging
  7236 | D:8      | Found a stormy altar of Qazlal.
  7451 | D:8      | Noticed Erica
  7465 | D:8      | Killed Erica
  7465 | D:8      | Reached skill level 9 in Transmutations
  7465 | D:8      | Reached XP level 10. HP: 7/44 MP: 3/20
  7772 | D:8      | Noticed a two-headed ogre
  8296 | D:8      | Killed a two-headed ogre
  8399 | D:9      | Reached skill level 10 in Transmutations
  8408 | D:9      | Found a staircase to the Orcish Mines.
  8722 | D:9      | Found a huge runed translucent gate.
  8723 | D:9      | Found a huge runed translucent gate.
  8724 | D:9      | Found a huge runed translucent gate.
  8724 | D:9      | Noticed a manticore
  8725 | D:9      | Found a huge runed translucent gate.
  8725 | D:9      | Noticed a manticore
  9109 | D:9      | Found a glowing silver altar of Zin.
  9351 | D:10     | Entered Level 10 of the Dungeon
  9367 | D:10     | Reached XP level 11. HP: 48/48 MP: 23/23
  9770 | D:10     | Noticed a white ugly thing
  9776 | D:10     | Slain by a white ugly thing

Skill      XL: |  1  2  3  4  5  6  7  8  9 10 |
---------------+-------------------------------+-----
Dodging        | 2 3 4 5 6 |  6.5
Transmutations | 3 4 5 7 9 10 | 10.9
Spellcasting   | 3 4 5 6 7 |  7.8
Unarmed Combat | 4 5 7 8 |  8.2
Fighting       | |  0.8

Action                   |  1- 3 |  4- 6 |  7- 9 | 10-12 || total
-------------------------+-------+-------+-------+-------++-------
Melee: Unarmed           |   171 |   235 |   327 |   173 ||   906
       Bite              |    41 |    54 |    57 |    31 ||   183
       Kick              |     8 |    18 |    10 |       ||    36
       Headbutt          |     3 |     3 |     7 |       ||    13
       Punch             |     3 |     1 |     4 |     2 ||    10
 Cast: Beastly Appendage |     6 |    12 |    12 |       ||    30
       Spider Form       |       |     3 |    14 |     1 ||    18
       Sticks to Snakes  |       |       |    11 |    19 ||    30
       Blade Hands       |       |       |       |    20 ||    20
  Use: Potion            |       |       |       |     1 ||     1
 Stab: Sleeping          |       |       |     1 |       ||     1
       Distracted        |       |       |     2 |       ||     2
  Eat: Chunk             |     4 |     9 |     7 |    14 ||    34
       Ration            |       |       |     1 |       ||     1
Armor: Robe              |    45 |    33 |    53 |    23 ||   154
       Skin              |       |     2 |     2 |       ||     4
Dodge: Dodged            |   140 |   165 |   218 |    99 ||   622
